AoeStats
← Lukan

Nomad

503501009Analyzed
2v2 RM · 3mo ago on Sep 1, 2026· 43m 11s· 4 players
Game mode
Random Map
Map size
176×176
Population
200
Speed
Normal
Resources
Standard
Victory
Conquest
Starting age
Dark Age
Ending age
Imperial Age
RankedLock teamsTeams togetherTeam positionsShared explorationLock speedFull tech treeHidden civsTurbo modeCheats
Victory
Defeat
🇵🇪 Shu · Peru
1080
+13
🇺🇸 Celts · United States
985
+18
vs
🇲🇽 Japanese · Mexico
1039
-16
🇫🇷 Franks · France
1004
-15
EL TAHUR PROFESIONAL
4:32 Loom
14:02 Feudal Age
20:54 Castle Age
26:00 Arson
28:36 Fletching
33:44 Scale Mail Armor
33:47 Squires
41:46 Imperial Age
Jackou75
9:29 Loom
15:27 Feudal Age
16:21 Fishing Lines
16:42 Double-Bit Axe
22:58 Castle Age
27:41 Scale Barding Armor
31:37 Chain Barding Armor
35:38 Fletching
37:17 Bodkin Arrow
39:48 Pikeman
Khan Noonien Smith
4:19 Loom
17:24 Feudal Age
17:45 Fishing Lines
18:16 Town Watch
19:39 Double-Bit Axe
22:33 Castle Age
21:36 Man-at-Arms
23:14 Long Swordsman
24:15 Bow Saw
24:07 Gillnets
26:52 Pikeman
27:28 Gold Mining
29:40 Wheelbarrow
30:05 Gold Shaft Mining
30:13 Scale Mail Armor
30:24 Forging
31:14 Medium Warships
33:46 Hand Cart
37:30 Imperial Age
38:53 Conscription
38:30 Stone Mining
39:40 Capped Ram
40:25 Horse Collar
42:06 Town Patrol
42:45 Furor Celtica
42:23 Siege Ram
Lukan
11:54 Loom
14:57 Feudal Age
15:23 Double-Bit Axe
17:08 Fishing Lines
24:40 Castle Age
23:17 Wheelbarrow
23:54 Fletching
24:45 Crossbowman
25:21 Bodkin Arrow
26:25 Padded Archer Armor
27:48 Leather Archer Armor
27:45 Thumb Ring
29:44 Ballistics
29:17 Gold Mining
30:22 Horse Collar
31:21 Scale Mail Armor
32:28 Stone Mining
34:41 Gold Shaft Mining
34:40 Town Watch
35:11 Hand Cart
34:59 Heavy Plow
37:09 Bow Saw
43:00 Imperial Age
Connection lost

Rejoining the realm…

Still unreachable

The connection could not be restored.

Session expired

The server has moved on; the page needs a fresh start.